 Dungeon Crawl Stone Soup version 0.22-a0-812-g4c1e2d5471 (webtiles) character file.

28 Flugkiller the Ducker (level 2, 0/12 HPs)
             Began as a Felid Transmuter on July 23, 2018.
             Succumbed to a goblin's poison
             ... on level 1 of the Dungeon.
             The game lasted 00:02:37 (1110 turns).

Flugkiller the Ducker (Felid Transmuter)            Turns: 1110, Time: 00:02:37

Health: 0/12       AC:  1    Str:  6    XL:     2   Next: 96%
Magic:  6/6        EV: 25    Int: 14    God:
Gold:   17         SH:  0    Dex: 21    Spells: 2/5 levels left
                                        Lives:  0   Deaths: 0

rFire    . . .     SeeInvis +     - Unarmed
rCold    . . .     Gourm    .   (shield unavailable)
rNeg     . . .     Faith    .   (armour unavailable)
rPois    .         Spirit   .   (helmet unavailable)
rElec    .         Reflect  .   (cloak unavailable)
rCorr    .         Harm     .   (gloves unavailable)
MR       .....                  (boots unavailable)
Stlth    +++.......             (no amulet)
HPRegen  0.04/turn              (no ring)
MPRegen  0.10/turn              (no ring)

@: agile, lethally poisoned (0 -> -5), berserk cooldown, slowed, slow
A: very small, no armour, no weapons or thrown items, stealth, claws 1, fangs 3,
see invisible, carnivore, speed 1, shaggy fur 1, slow metabolism 1, sharp paws
a: no special abilities


You were on level 1 of the Dungeon.
You were completely stuffed.

You visited 1 branch of the dungeon, and saw 2 of its levels.

You collected 17 gold pieces.

Inventory:

Missiles
 a - 43 arrows
Scrolls
 d - a scroll of amnesia {unknown}
 h - a scroll of identify {unknown}
Potions
 g - a potion of magic {unknown}
Comestibles
 c - 3 rations
 f - 3 chunks of flesh


   Skills:
 - Level 1.0 Fighting
 + Level 3.8 Dodging
 + Level 3.6 Unarmed Combat
 - Level 2.0 Spellcasting
 - Level 2.1 Transmutations


You had 2 spell levels left.
You knew the following spells:

 Your Spells              Type           Power        Failure   Level  Hunger
a - Beastly Appendage     Tmut           #.....       10%         1    ##.....
b - Sticks to Snakes      Tmut           #.......     14%         2    ###....

Your spell library contained the following spells:

 Spells                   Type           Power        Failure   Level  Hunger
 Spider Form              Tmut/Pois      #.........   41%         3    ####...
 Blade Hands              Tmut           #.........   95%         5    ######.
 Ice Form                 Ice/Tmut       #.......     83%         4    #####..


Dungeon Overview and Level Annotations

Branches:
Dungeon (2/15)

Altars:


Innate Abilities, Weirdness & Mutations

You cannot wear armour.
You are incapable of wielding weapons or throwing items.
Your paws allow you to move quietly. (Stealth)
You have sharp claws.
You have razor-sharp teeth.
You have supernaturally acute eyesight. (SInv)
You are carnivorous and can eat meat at any time.
You cover ground quickly.
You are covered in fur. (AC +1)
You have a slow metabolism.
Your sharp claws are effective at attacking unaware monsters.


Message History

* * * LOW HITPOINT WARNING * * *
You feel sick.
It was a potion of berserk rage.
A red film seems to cover your vision as you go berserk!
You feel yourself moving faster!
You feel mighty!
You are too berserk!
You scratch the hobgoblin.
You kill the hobgoblin!
* * * LOW HITPOINT WARNING * * *
You feel sick.
Things that are here:
a club; a hobgoblin corpse You feel a strong urge to attack something.
Your horns disappear.
You feel your anger nearly subside.
You are no longer berserk.
You are exhausted.
You feel yourself slow down.
It was a potion of agility.
You feel agile all of a sudden.
You die...

## ##.###.#
.########..###.#########
.......................#
........#####......###.#
##.#.##............###.#
##...##........>#####..#
.................##...##
.......>...#####.##.###
#..##..##### ##@##.#
...###.....## #.....#
#### #####..# #...###
##.# #...# #.#####.#
#..# #.# ####.####.#
#.........#
#########........##


There were no monsters in sight!

Vanquished Creatures
  A dart slug (D:1)
  2 bats (D:1)
  2 giant cockroaches (D:1)
  2 hobgoblins (D:1)
  4 jackals (D:1)
  2 kobolds (D:1)
  6 goblins
  2 rats (D:1)
21 creatures vanquished.

Notes
Turn   | Place    | Note
-------+----------+-------------------------------------------
     0 | D:1      | Flugkiller the Felid Transmuter began the quest for the Orb.
     0 | D:1      | Reached XP level 1. HP: 9/9 MP: 4/4
   170 | D:1      | Reached XP level 2. HP: 3/12 MP: 4/6
   664 | D:1      | Learned a level 2 spell: Sticks to Snakes
  1110 | D:1      | Succumbed to a goblin's poison

Vault maps used:
D:1:      dpeg_arrival_court, patterned_corridor
D:2:      first_ration

Skill      XL: |  1 |
---------------+----+-----
Dodging        | 3 |  3.8
Fighting       | |  1.0
Unarmed Combat | |  3.6
Spellcasting   | |  2.0
Transmutations | |  2.1

Action                   || total
-------------------------++-------
Melee: Unarmed           ||    61
       Bite              ||     6
       Headbutt          ||     4
       Punch             ||     1
 Cast: Beastly Appendage ||    10
  Use: Potion            ||     2
 Stab: Distracted        ||     1
  Eat: Chunk             ||     8
Armor: Skin              ||     7
Dodge: Dodged            ||    68

Table legend:
 A = Spawn XP
 B = Non-spawn XP
 C = Spawn XP percentage of total XP
 D = Spawn monster count
 E = Non-spawn monster count
 F = Spawn count percentage of total count
 G = Total turns spent on level
                    A         B        C        D         E        F      G
               +---------+---------+-------+---------+---------+-------+---------
         Total |       0 |      40 |   0.0 |       0 |      21 |   0.0 |  1110
               +---------+---------+-------+---------+---------+-------+---------
           D:1 |       0 |      38 |   0.0 |       0 |      20 |   0.0 |  1099
           D:2 |       0 |       2 |   0.0 |       0 |       1 |   0.0 |    11
               +---------+---------+-------+---------+---------+-------+---------
